 Dungeon Crawl Stone Soup version 0.30-a0-782-ge64f9170bb (webtiles) character file.

Game seed: 14948735271859714155

669776 ParallaxScroll the Impregnable (level 27, -5/184 HPs)
             Began as a Gargoyle Fighter on Feb 13, 2023.
             Was the Champion of the Shining One.
             Killed from afar by Asmodeus (43 damage)
             ... with damnation
             ... on level 7 of Gehenna on Feb 18, 2023.
             The game lasted 08:10:55 (80810 turns).

ParallaxScroll the Impregnable (Gargoyle Fighter)  Turns: 80810, Time: 08:10:56

Health: -5/184     AC: 69    Str: 34    XL:     27
Magic:  20/42      EV: 11    Int: 15    God:    the Shining One [******]
Gold:   779        SH: 23    Dex: 13    Spells: 24/34 levels left

rFire   + + +      SeeInvis +    a - +9 broad axe (holy)
rCold   + + +      Faith    .    W - +2 tower shield {reflect}
rNeg    + + +      Spirit   .    m - +11 gold dragon scales
rPois   ∞          Reflect  +    N - +2 helmet
rElec   +          Harm     .    X - +2 cloak {Will+}
rCorr   +          Rampage  .    Z - +1 pair of gloves {hurl}
Will    ++++.                    r - +0 pair of boots "Judeciarch" {Regen+ Str+6 SInv Stlth-} Stlth
                                 d - amulet "Waenanaj" {rElec rC+++ Regen+}
HPRegen 2.10/turn                k - ring "Ketisch" {rF+ rC++ rCorr MP+9 Dex+4}
MPRegen 0.28/turn                V - ring of Pibit Qube {rPois rF++ Will+ Int+2 Stlth+}

@: mighty, on fire, flying, hasted, glowing, studying 2 skills, unable to read,
very quick
A: sickness immunity, AC +20, big wings, negative energy resistance 1,
electricity resistance, torment resistance 1, petrification resistance, weak 1,
heat vulnerability 1
}: 5/15 runes: serpentine, barnacled, slimy, silver, abyssal
a: Renounce Religion, Divine Shield, Cleansing Flame, Summon Divine Warrior


You were on level 7 of Gehenna.
You worshipped the Shining One.
The Shining One was exalted by your worship.
You visited 13 branches of the dungeon, and saw 57 of its levels.
You visited the Abyss 1 time.
You also visited: Wizlab.

You collected 7902 gold pieces.
You spent 7123 gold pieces at shops.

Inventory:

Hand Weapons
 a - a +9 broad axe of holy wrath (weapon)
Missiles
 y - 35 boomerangs (quivered)
 z - 4 silver boomerangs
 C - 20 javelins
 E - 6 throwing nets
 R - 5 curare-tipped darts
 S - 5 silver javelins
Armour
 m - +11 gold dragon scales (worn)
 r - the +0 pair of boots "Judeciarch" (worn) {Regen+ Str+6 SInv Stlth-}
   (You found it on level 3 of the Crypt)

   Str:       It affects your strength (+6).
   SInv:      It lets you see invisible.
   Regen:     It increases your rate of health regeneration.
   Stlth:     It makes you less stealthy.
 N - a +2 helmet (worn)
 W - a +2 tower shield of reflection (worn)
 X - a +2 cloak of willpower (worn)
 Z - a +1 pair of gloves of hurling (worn)
Jewellery
 d - the amulet "Waenanaj" (around neck) {rElec rC+++ Regen+}
   (You found it on level 1 of the Depths)

   [amulet of regeneration]

   rC:        It renders you almost immune to cold.
   rElec:     It insulates you from electricity.
   Regen:     It increases your rate of health regeneration.
 f - a +4 ring of slaying
 k - the ring "Ketisch" (left hand) {rF+ rC++ rCorr MP+9 Dex+4}
   (You bought it in a shop on level 13 of the Dungeon)

   [ring of resist corrosion]

   Dex:       It affects your dexterity (+4).
   rF:        It protects you from fire.
   rC:        It greatly protects you from cold.
   MP:        It affects your magic capacity (+9).
   rCorr:     It protects you from acid and corrosion.
 V - the ring of Pibit Qube (right hand) {rPois rF++ Will+ Int+2 Stlth+}
   (You bought it in a shop on level 3 of the Shoals)

   [ring of willpower]

   Int:       It affects your intelligence (+2).
   rF:        It greatly protects you from fire.
   rPois:     It protects you from poison.
   Will:      It increases your willpower.
   Stlth:     It makes you more stealthy.
Wands
 b - a wand of polymorph (5)
 h - a wand of quicksilver (35)
 p - a wand of iceblast (36)
 x - a wand of digging (7)
 O - a wand of charming (33)
 Q - a wand of mindburst (28)
Scrolls
 e - 3 scrolls of silence
 j - 17 scrolls of teleportation
 o - 6 scrolls of fog
 s - 10 scrolls of blinking
 A - 13 scrolls of immolation
 D - a scroll of poison
 K - 5 scrolls of fear
 T - 7 scrolls of butterflies
Potions
 c - 12 potions of heal wounds
 g - 35 potions of curing
 n - 15 potions of mutation
 q - 7 potions of cancellation
 w - 10 potions of magic
 B - 7 potions of berserk rage
 G - 6 potions of ambrosia
 J - 12 potions of attraction
 L - 12 potions of might
 M - 10 potions of haste
 P - 3 potions of resistance
 Y - 10 potions of lignification
Miscellaneous
 t - a phial of floods
 v - a lightning rod (4/4)
 H - a box of beasts
 I - a phantom mirror
 U - a tin of tremorstones (2/2)


   Skills:
 - Level 22.0 Fighting
 - Level 15.8(18.0) Axes
 - Level 14.1(17.1) Polearms
 - Level 2.0 Ranged Weapons
 - Level 16.0 Throwing
 - Level 23.0 Armour
 - Level 11.0 Dodging
 - Level 21.0 Shields
 - Level 4.0 Spellcasting
 + Level 14.4 Translocations
 - Level 14.0 Invocations
 - Level 15.0 Evocations


You had 24 spell levels left.
You knew the following spells:

 Your Spells              Type           Power      Damage    Failure   Level
a - Blink                 Tloc           92%        N/A       1%          2
b - Apportation           Tloc           92%        N/A       1%          1
c - Teleport Other        Tloc           46%        N/A       1%          3
d - Passage of Golubria   Tloc           46%        N/A       6%          4

Your spell library contained the following spells:

 Spells                   Type           Power      Damage    Failure   Level
 Lesser Beckoning         Tloc           92%        N/A       1%          2
 Gell's Gravitas          Tloc           46%        N/A       1%          3
 Momentum Strike          Conj/Tloc      48%        3d9       17%         2
 Portal Projectile        Hex/Tloc       48%        N/A       32%         3
 Vhi's Electric Charge    Tloc/Air       48%        N/A       32%         3
 Kindle Blastsparks       Fire/Tloc/Air  34%        2d12      65%         3
 Foxfire                  Conj/Fire      12%        2x1d4     91%         1
 Freeze                   Ice            12%        1d3       91%         1
 Kiss of Death            Conj/Necr      12%        2d6       91%         1
 Necrotise                Necr           12%        1d4       91%         1
 Slow                     Hex            12%        N/A       91%         1
 Sting                    Tmut/Pois      12%        1d3       91%         1
 Summon Small Mammal      Summ           12%        N/A       91%         1
 Call Imp                 Summ           3%         N/A       97%         2
 Passwall                 Tmut/Erth      2%         N/A       97%         2
 Poisonous Vapours        Pois/Air       6%         N/A       97%         2
 Scorch                   Fire           6%         2d5       97%         2
 Call Canine Familiar     Summ           3%         N/A       99%         3
 Confusing Touch          Hex            3%         N/A       99%         3
 Frozen Ramparts          Ice            6%         1d1       99%         3
 Hailstorm                Conj/Ice       3%         3d3       99%         3
 Ignite Poison            Fire/Tmut/Pois 3%         N/A       99%         3
 Inner Flame              Hex/Fire       3%         N/A       99%         3
 Ozocubu's Armour         Ice            3%         N/A       99%         3
 Tukima's Dance           Hex            3%         N/A       99%         3
 Vampiric Draining        Necr           3%         2d6       99%         3
 Cause Fear               Hex            1%         N/A       100%        4
 Flame Wave               Conj/Fire      3%         2d5       100%        4
 Ice Form                 Ice/Tmut       3%         N/A       100%        4
 Leda's Liquefaction      Hex/Erth       1%         N/A       100%        4
 Olgreb's Toxic Radiance  Pois           3%         N/A       100%        4
 Petrify                  Tmut/Erth      3%         N/A       100%        4
 Sticky Flame             Conj/Fire      3%         2d3       100%        4
 Summon Ice Beast         Ice/Summ       3%         N/A       100%        4
 Summon Lightning Spire   Summ/Air       3%         N/A       100%        4
 Arcjolt                  Conj/Air       1%         1d11      100%        5
 Fireball                 Conj/Fire      1%         3d3       100%        5
 Freezing Cloud           Conj/Ice/Air   1%         6-21      100%        5
 Iskenderun's Battlesphe  Conj           3%         2d6       100%        5
 Lightning Bolt           Conj/Air       1%         1d12      100%        5
 Metabolic Englaciation   Hex/Ice        1%         N/A       100%        5
 Silence                  Hex/Air        1%         N/A       100%        5
 Summon Mana Viper        Hex/Summ       3%         N/A       100%        5
 Yara's Violent Unravell  Hex/Tmut       1%         3d3       100%        5
 Conjure Ball Lightning   Conj/Air       1%         3x3d6     100%        6
 Iron Shot                Conj/Erth      1%         9d1       100%        6
 Simulacrum               Ice/Necr       1%         N/A       100%        6
 Starburst                Conj/Fire      1%         6d3       100%        6
 Summon Cactus Giant      Summ           1%         N/A       100%        6
 Monstrous Menagerie      Summ           1%         N/A       100%        7
 Ozocubu's Refrigeration  Ice            1%         4d7       100%        7
 Spellforged Servitor     Conj/Summ      1%         N/A       100%        7
 Discord                  Hex            1%         N/A       100%        8
 Disjunction              Tloc           23%        N/A       100%        8
 Ignition                 Fire           1%         3d3       100%        8
 Lehudib's Crystal Spear  Conj/Erth      1%         10d2      100%        8
 Maxwell's Capacitive Co  Air            1%         ∞         100%        8
 Necromutation            Tmut/Necr      1%         N/A       100%        8
 Chain Lightning          Conj/Air       1%         3d2       100%        9
 Fire Storm               Conj/Fire      1%         8d1       100%        9
 Polar Vortex             Ice            1%         N/A       100%        9
 Shatter                  Erth           1%         3d6*      100%        9


Dungeon Overview and Level Annotations

Branches:
Dungeon (15/15)            Temple (1/1) D:6            Lair (5/5) D:9
 Shoals (4/4) Lair:3        Snake (4/4) Lair:3        Slime (5/5) Lair:4
    Orc (2/2) D:12            Elf (3/3) Orc:2        Vaults (5/5) D:13
  Crypt (3/3) Vaults:3       Tomb (0/3) Crypt:3      Depths (4/4) D:15
   Hell (visited)             Dis (0/7) Hell            Geh (7/7) Hell
    Coc (0/7) Hell            Tar (0/7) Hell            Zot (0/5) Depths:4
 WizLab (visited)

Altars:
Ashenzari
Cheibriados
Dithmenos
Elyvilon
Fedhas
Gozag
Hepliaklqana
Kikubaaqudgha
Makhleb
Nemelex Xobeh
Okawaru
Qazlal
Ru
Sif Muna
Trog
Uskayaw
Vehumet
Wu Jian
Xom
Yredelemnul
Zin
The Shining One
Jiyva

Shops:
D:6 *   D:8 ::(!   D:13 ((*=[   D:14 *   Orc:2 ((:!!=   Elf:3 !(?   Shoals:2 (
Shoals:3 =**([   Shoals:4 =   Snake:2 [   Snake:3 [***   Vaults:1 (*

Portals:
Hell: Depths:1 Depths:2 Depths:3 Depths:4
Abyss: Depths:2 Depths:3
Pandemonium: Orc:2 Depths:2
Ziggurat: Depths:1

Annotations:
Shoals:3 2 runed translucent doors, Heluore's ghost, adept DsGl
Elf:2 Roxanne
Geh:7 1 exclusion, Asmodeus


Innate Abilities, Weirdness & Mutations

You are immune to sickness and miasma.
Your stone body is resilient. (AC +20)
You are immune to poison.
Your large and strong wings let you fly.
You resist negative energy. (rN+)
You are resistant to electric shocks. (rElec)
You are resistant to unholy torment.
You are immune to petrification.
You are weak. (Str -2)
You are vulnerable to heat. (rF-)


Message History

Your angel hits Asmodeus but does no damage. x2
You block Asmodeus's attack. The balrug gestures at you.
The sticky flame hits you but does no damage.
You are covered in liquid flames!
The hellion hits your angel but does no damage.
You slash Asmodeus!
Asmodeus convulses.
Asmodeus is heavily wounded.
You slice the balrug!!
You kill the balrug!
The balrug disappears in a puff of smoke!
You are engulfed in blazing flames.
You resist.
You are covered in liquid flames!
Your angel is engulfed in blazing flames.
Your angel hits the hellion with a +3 sacred scourge of holy wrath!
The hellion convulses.
Your angel hits the hellion with a +3 sacred scourge of holy wrath.
The hellion convulses.
The hellion hits your angel but does no damage.
Asmodeus gestures at you.
The sphere of damnation explodes!
The damnation engulfs you!!
* * * LOW HITPOINT WARNING * * *
The damnation engulfs your angel!!
The damnation engulfs Asmodeus.
Asmodeus completely resists.
You slice Asmodeus!!
Asmodeus convulses!!
Asmodeus is heavily wounded.
You are engulfed in blazing flames.
You resist.
You are covered in liquid flames!
Your angel is engulfed in blazing flames.
Your angel hits Asmodeus with a +3 sacred scourge of holy wrath!!
Asmodeus convulses!
Your angel barely misses Asmodeus.
You chop Asmodeus into pieces!!!
Asmodeus convulses!
Asmodeus is severely wounded.
You are engulfed in blazing flames.
You resist.
* * * LOW HITPOINT WARNING * * *
You are covered in liquid flames!
The hellion completely misses your angel.
Asmodeus gestures at you.
The sphere of damnation explodes!
The damnation engulfs you!!!
You die...

§≈≈≈§§§ ≈§≈≈≈§≈≈≈
§§≈§≈§§§§≈≈≈≈≈§§
≈≈≈≈≈≈≈≈≈§≈≈≈≈≈§≈
#v≈≈§≈≈§§§##### #
≈§≈§≈≈≈########
####≈≈≈≈≈#......#
#..#≈≈≈≈##......#######..
'..######...##.°@#○......
#..'....'..####A&'......#
+..######...##2°.#.......
#..#§§§≈##......#######.°
####≈§≈§v#......# #
§≈§≈v§§########
§§§≈§≈≈≈§#####
≈§§§≈≈§§§≈§≈≈≈≈≈
§≈§≈§≈§≈≈§≈≈≈§≈


You could see Asmodeus (clouds, ally target), a hellion (summoned) and a
friendly angel (summoned).

Vanquished Creatures
  the Royal Jelly (Slime:5)
  4 ancient liches
  3 dread liches
  Mara (Depths:2)
  2 juggernauts
  Sojobo (Vaults:2)
  The ghost of Ujofet the Impregnable, a veteran MiGl of Hepliaklqana (Crypt:3)
  Josephina (Depths:2)
  Saint Roka (Vaults:1)
  Geryon (Hell)
  A curse toe (Crypt:3)
  3 golden dragons
  4 caustic shrikes
  The ghost of Rakupo Megg the Devastator, a veteran GrEE of Lugonu (Crypt:3)
  3 doom hounds
  3 Brimstone Fiends
  3 tentacled monstrosities
  A tainted leviathan (Hell)
  Grunn (Depths:1)
  7 titans
  2 hellephants
  4 liches
  2 deep elf master archers (Elf:3)
  A quicksilver dragon (shapeshifter) (Vaults:5)
  5 quicksilver dragons
  A deep elf blademaster (Elf:3)
  Asterion (Elf:3)
  A walking frostbound tome (Depths:2)
  12 searing wretches
  14 sphinxes
  A kraken (Shoals:4)
  8 ancient champions
  19 acid blobs
  Agnes (D:15)
  Polyphemus (Shoals:2)
  2 tentacled starspawn
  Kirke (D:13)
  6 shadow dragons
  5 tengu reavers
  6 storm dragons
  8 revenants
  2 nagarajas (Snake:4)
  11 rockslimes
  6 azure jellies (Slime:5)
  A draconian monk (Depths:4)
  The ghost of Vatovie the Impaler, a journeyman MiBe of Trog (Elf:3)
  7 iron dragons
  A draconian knight (Depths:4)
  11 deep elf sorcerers
  25 fire giants
  13 balrugs
  3 caustic shrike zombies
  2 curse skulls
  Aizul (Snake:4)
  12 frost giants
  3 reapers
  24 vault wardens
  9 deep elf elementalists
  9 ghouls
  3 spriggan defenders
  3 war gargoyles
  7 quicksilver oozes
  22 ironbound preservers
  The ghost of Ullur the Severer, a journeyman DsGl of Wu Jian (D:13)
  2 orc warlords
  27 very ugly things
  2 caustic shrike skeletons
  15 stone giants
  6 ironbound thunderhulks
  7 vampire knights
  6 deep elf demonologists
  A spectral titan (WizLab)
  2 lorocyprocas
  Nessos (Orc:2)
  3 putrid mouths
  2 spectral hellephants (Crypt:3)
  2 white draconians (Depths:4)
  11 spark wasps
  A yellow draconian (Depths:4)
  11 dire elephants
  A purple draconian (Depths:4)
  Azrael (Snake:1)
  6 halazid warlocks (WizLab)
  9 deep elf annihilators
  Snorg (D:13)
  A black draconian (Depths:4)
  11 eidola
  2 spark wasps (shapeshifter)
  7 deep elf death magi
  6 merfolk javelineers
  10 ettins
  A spectral quicksilver dragon (WizLab)
  9 fire dragons
  2 entropy weavers
  The ghost of Foxy the Thaumaturge, a journeyman DjCj of Gozag (D:11)
  2 blizzard demons (Hell)
  A crystal guardian (Vaults:2)
  11 jiangshi
  14 deep elf high priests
  The ghost of RandomusNamus the Grappler, a journeyman TrFi of Trog (D:7)
  7 merfolk impalers
  An entropy weaver (shapeshifter) (Vaults:5)
  34 vault guards
  The ghost of Beavis the Covert, a journeyman NaFE of Vehumet (D:10)
  10 ice dragons
  14 yaktaur captains
  5 catoblepae
  15 great orbs of eyes
  A peacekeeper (Vaults:2)
  2 rakshasas (Depths:1)
  6 hydras
  2 spriggan zombies
  6 salamander tyrants
  4 death knights
  4 spriggan air magi
  5 boulder beetles
  2 spriggan skeletons
  A demonspawn (Orc:2)
  5 stokers
  An alligator snapping turtle (Shoals:3)
  16 ironbound frosthearts
  3 merfolk avatars
  The ghost of TheSexyCheese the Fighter, a journeyman GrFi (Lair:2)
  4 ogre magi
  21 centaur warriors
  A fenstrider witch skeleton (Crypt:2)
  29 dancing weapons
  17 naga warriors
  14 two-headed ogres
  7 satyrs
  15 death yaks
  7 anacondas
  13 deep troll earth magi
  3 tengu warriors
  8 merfolk aquamancers
  4 thrashing horrors
  6 deep troll shamans
  12 hell hogs
  8 spriggan berserkers
  The ghost of jimonade the Spear-Bearer, a novice FoFi of Okawaru (D:7)
  6 orc high priests
  5 vampire magi
  6 shock serpents
  A titan zombie (WizLab)
  18 deep elf knights
  22 naga sharpshooters
  2 spectral elves (Crypt:3)
  6 soul eaters
  5 iron trolls
  4 wretched stars
  4 sun demons
  10 hell knights
  2 titan skeletons
  26 skeletal warriors
  5 skysharks
  4 salamander mystics
  A sea snake (shapeshifter) (Vaults:5)
  17 sea snakes
  69 deep trolls
  4 shadow wraiths
  A kraken simulacrum (Hell)
  13 naga ritualists
  A spark wasp zombie (Crypt:2)
  2 anaconda zombies (Crypt:2)
  4 bog bodies
  4 glowing orange brains
  11 deep elf archers
  6 flayed ghosts
  14 wizards
  A harpy (shapeshifter) (D:13)
  2 spectral wolf spiders (WizLab)
  A shadow dragon zombie (Crypt:2)
  17 ironbound convokers
  15 phantasmal warriors
  3 wolf spider zombies (WizLab)
  5 orc sorcerers
  6 lindwurms
  36 deep elf zephyrmancers
  A steelbarb worm (shapeshifter) (Vaults:5)
  4 orc knights (Orc:2)
  2 spectral spriggans (WizLab)
  7 necromancers
  An oklob plant (Lair:1)
  The ghost of baller8008 the Thaumaturge, a novice DECj of Dithmenos (D:7)
  2 anaconda skeletons
  30 harpies
  A mana viper (shapeshifter) (Depths:3)
  33 deep elf pyromancers
  10 salamanders
  A shadow dragon skeleton (Depths:3)
  10 mana vipers
  59 ugly things
  13 cyclopes
  18 manticores
  A cyclops (shapeshifter) (D:11)
  A stone giant skeleton (Crypt:2)
  3 shining eyes
  21 fauns
  6 merfolk sirens
  12 vault sentinels
  A centaur zombie (D:15)
  40 black mambas
  2 ice statues (Hell)
  An iron dragon skeleton (Crypt:1)
  18 naga magi
  A smoke demon (Abyss:3)
  Maurice (D:8)
  12 guardian serpents
  A guardian serpent (shapeshifter) (D:11)
  9 rust devils
  16 elephants
  6 water nymphs
  An orange demon (Orc:2)
  4 cane toads
  2 titan simulacra (Depths:2)
  2 demonic crawlers
  3 apocalypse crabs
  2 dire elephant skeletons
  A gargoyle (D:11)
  3 hellions
  Maggie (D:9)
  An unseen horror (D:10)
  3 centaur skeletons
  6 komodo dragons
  A yaktaur (shapeshifter) (Vaults:5)
  A redback zombie (Crypt:3)
  2 rime drakes (shapeshifter)
  43 yaktaurs
  2 sea snake zombies (Hell)
  5 tengu conjurers
  4 rime drakes
  A hellwing (Abyss:1)
  A spectral harpy (WizLab)
  12 freezing wraiths
  An unseen horror skeleton (Crypt:2)
  A minotaur skeleton (Crypt:1)
  10 meliai
  A meliai (shapeshifter) (D:11)
  10 trolls
  2 anaconda simulacra (Hell)
  8 harpy zombies
  4 ancient zymes
  3 polar bears
  A hydra zombie (Hell)
  30 merfolk
  A queen bee (Abyss:3)
  4 hornets
  A polar bear (shapeshifter) (Elf:3)
  A tarantella (shapeshifter) (Elf:2)
  3 wind drakes (Shoals:4)
  A sphinx simulacrum (Depths:2)
  2 tarantellas (Vaults:1)
  A hydra skeleton (Hell)
  A wind drake (shapeshifter) (Elf:2)
  9 blink frogs
  A fire dragon zombie (Crypt:2)
  A raiju (Abyss:1)
  2 harpy skeletons
  A frost giant simulacrum (Depths:2)
  8 snapping turtles
  A dream sheep (shapeshifter) (Depths:1)
  13 dream sheep
  An alligator skeleton (Hell)
  74 slime creatures
  35 flying skulls
  A shadow (D:10)
  A wind drake zombie (Crypt:2)
  6 spriggans
  3 wyverns
  2 vampires
  2 ynoxinuls (Abyss:1)
  6 fire elementals
  2 hogs (D:13)
  68 yaks
  10 small abominations
  8 wraiths
  40 water elementals
  A human (shapeshifter) (D:11)
  Eustachio (D:9)
  A chaos spawn (Orc:2)
  7 large abominations
  2 redbacks
  3 basilisks
  32 nagas
  3 glowing shapeshifter zombies
  2 neqoxecs (D:11)
  3 wargs
  2 naga zombies
  2 acid dragons
  3 swamp worms (Lair:3)
  4 hell hounds
  11 water moccasins
  A floating eye (Depths:2)
  A sky beast (D:6)
  42 orc warriors
  An ice beast (D:5)
  5 black bears
  A swamp dragon skeleton (Crypt:2)
  12 ogres
  A manticore zombie (Shoals:4)
  37 wolves
  2 boggarts
  15 centaurs
  A snapping turtle skeleton (Crypt:2)
  A manticore skeleton (Crypt:2)
  2 kobold brigands
  3 phantoms
  Blork the orc (D:9)
  A bullfrog (shapeshifter) (Vaults:4)
  5 bullfrogs
  8 earth elementals
  A necrophage (Crypt:1)
  4 scorpions
  A gnoll sergeant (D:9)
  14 wights
  8 killer bees
  A yak zombie (Crypt:2)
  7 howler monkeys
  2 electric eels
  4 lava snakes (Lair:3)
  A raiju skeleton (Crypt:1)
  2 crimson imps
  2 bullfrog zombies
  A hound (D:7)
  4 gnoll boudas
  5 jellies
  A basilisk skeleton (Crypt:3)
  A human zombie (Crypt:1)
  11 orc priests
  8 starcursed masses (Abyss:1)
  A human skeleton (Crypt:1)
  3 iron imps
  A scorpion zombie (Crypt:1)
  2 iguanas (D:5)
  18 orc wizards
  7 hell rats
  A howler monkey zombie (D:7)
  12 gnolls
  10 adders
  A shadow imp (D:7)
  4 white imps
  4 ufetubi
  3 worms
  2 dart slugs
  98 orcs
  7 endoplasms
  4 giant cockroaches
  6 goblins
  4 hobgoblins
  3 jackals (D:1)
  18 kobolds
  4 quokkas
  3 ball pythons
  A ball python skeleton (Crypt:3)
  5 bats
  An endoplasm zombie (Crypt:3)
  3 frilled lizards (D:2)
  A giant cockroach zombie (Crypt:1)
  A kobold skeleton (Crypt:1)
  8 rats
  2 bushes (D:15)
  3 creeping infernos
  7 fire vortices
  2 starspawn tentacles
  3 tentacles (Shoals:4)
2567 creatures vanquished.

Vanquished Creatures (collateral kills)
  2 caustic shrikes
  Mlioglotl (Snake:4)
  A lich (Crypt:3)
  A frost giant (Vaults:5)
  A deep elf elementalist (Depths:2)
  2 reapers (Hell)
  A green death (Hell)
  An orc high priest (Orc:2)
  An anaconda zombie (Hell)
  A harpy (Vaults:5)
  An orc knight (Orc:2)
  A cyclops (Shoals:2)
  2 fauns (Shoals:2)
  2 orc sorcerers (Orc:2)
  A rust devil (Hell)
  A dire elephant skeleton (Hell)
  A red devil (Orc:2)
  A hornet (Vaults:5)
  A wind drake (Shoals:2)
  2 hell hounds (Hell)
  A naga zombie (Hell)
  2 orc warriors (Orc:2)
  An orc priest (Orc:2)
  A creeping inferno (Hell)
  2 fire vortices (Hell)
32 creatures vanquished.

Vanquished Creatures (others)
  A doom hound (Depths:2)
  A fire giant (Depths:2)
  A juggernaut simulacrum (Depths:2)
  A naga warrior (Snake:4)
  A naga sharpshooter (Snake:4)
  An orc knight (Orc:2)
  A deep elf zephyrmancer (Elf:1)
  A necromancer (WizLab)
  A hornet (Depths:3)
  A human (D:13)
  A creeping inferno (Hell)
  57 fungi
  142 plants
  3 starspawn tentacles
  5 tentacles (Shoals:4)
218 creatures vanquished.

Grand Total: 2817 creatures vanquished

Notes
Turn   | Place    | Note
-------+----------+-------------------------------------------
     0 | D:1      | ParallaxScroll the Gargoyle Fighter began the quest for the
                  | Orb.
     0 | D:1      | Reached XP level 1. HP: 14/14 MP: 1/1
   125 | D:1      | Reached XP level 2. HP: 19/19 MP: 2/2
   708 | D:2      | Reached XP level 3. HP: 6/23 MP: 3/3
  1588 | D:3      | Reached XP level 4. HP: 28/28 MP: 4/4
  2360 | D:3      | Reached XP level 5. HP: 32/32 MP: 5/5
  2525 | D:4      | Noticed a phantom
  2537 | D:4      | Killed a phantom
  2538 | D:4      | Reached skill level 5 in Axes
  2579 | D:4      | Found a sparkling altar of Nemelex Xobeh.
  2621 | D:4      | Reached XP level 6. HP: 33/37 MP: 6/6
  2672 | D:4      | Noticed a black bear
  2686 | D:4      | Killed a black bear
  2908 | D:4      | Noticed an orc warrior
  2916 | D:4      | Killed an orc warrior
  2917 | D:4      | Reached XP level 7. HP: 38/41 MP: 7/7
  3348 | D:5      | Entered Level 5 of the Dungeon
  3396 | D:5      | Reached skill level 4 in Armour
  3452 | D:4      | Reached skill level 5 in Armour
  3781 | D:5      | Reached skill level 6 in Armour
  3781 | D:5      | Reached XP level 8. HP: 46/46 MP: 8/8
  3793 | D:5      | Found a shadowy altar of Dithmenos.
  3897 | D:5      | Reached skill level 1 in Dodging
  4185 | D:5      | Found an ancient bone altar of Kikubaaqudgha.
  4428 | D:6      | Found Weuronim's Assorted Antiques.
  4451 | D:6      | Bought a sapphire potion for 26 gold pieces
  4451 | D:6      | Bought a golden potion for 26 gold pieces
  4580 | D:6      | Found a staircase to the Ecumenical Temple.
  4599 | Temple   | Entered the Ecumenical Temple
  4709 | Temple   | Became a worshipper of the Shining One
  4791 | D:6      | Reached XP level 9. HP: 52/52 MP: 9/9
  5007 | D:7      | Found a large runed translucent door.
  5009 | D:7      | Found a large runed translucent door.
  5010 | D:7      | Noticed a cyclops
  5010 | D:7      | Noticed a two-headed ogre
  5018 | D:7      | Found a large runed translucent door.
  5018 | D:7      | Found a large runed translucent door.
  5043 | D:7      | Found a runed translucent gate.
  5043 | D:7      | Found a runed translucent gate.
  5043 | D:7      | Found a runed translucent gate.
  5043 | D:7      | Noticed baller8008's ghost (novice DECj)
  5090 | D:7      | Found a basalt altar of Yredelemnul.
  5263 | D:7      | Found a hazy altar of Hepliaklqana.
  5332 | D:7      | Found a runed translucent door.
  5338 | D:7      | Noticed jimonade's ghost (novice FoFi)
  5338 | D:7      | Noticed a purple ugly thing
  5415 | D:7      | Reached skill level 5 in Fighting
  5523 | D:7      | Reached * piety under the Shining One
  5561 | D:7      | Noticed a red ugly thing
  5573 | D:7      | Killed a red ugly thing
  5729 | D:7      | Identified the amulet "Matwix" {rN++ Regen+ Str-3}
  5795 | D:7      | Noticed a cyan ugly thing
  5803 | D:7      | Killed a cyan ugly thing
  5973 | D:8      | Reached skill level 1 in Throwing
  5973 | D:8      | Reached skill level 1 in Evocations
  5973 | D:8      | Reached XP level 10. HP: 60/60 MP: 13/13
  5994 | D:8      | Reached skill level 10 in Axes
  6014 | D:8      | Found a runed translucent gate.
  6014 | D:8      | Found a runed translucent gate.
  6014 | D:8      | Found a runed translucent gate.
  6015 | D:8      | Noticed a nine-headed hydra
  6017 | D:8      | Noticed RandomusNamus's ghost (journeyman TrFi)
  6020 | D:8      | Found Elaicvikk's Weapon Shoppe.
  6128 | D:8      | Found Futus's Book Shop.
  6146 | D:8      | Upgraded the game from 0.30-a0-772-g5528072125 to
                  | 0.30-a0-777-ga9a30cbeda
  6277 | D:8      | Found Kuebaxy's Book Shop.
  6306 | D:8      | Noticed Maurice
  6350 | D:8      | Killed Maurice
  6374 | D:8      | Reached ** piety under the Shining One
  6426 | D:8      | Found Ituhafemm's Distillery.
  6429 | D:8      | Bought a potion of lignification for 42 gold pieces
  6429 | D:8      | Bought a potion of degeneration for 14 gold pieces
  6429 | D:8      | Bought a potion of mutation for 112 gold pieces
  6604 | D:9      | Noticed a cyclops
  6619 | D:9      | Killed a cyclops
  6620 | D:9      | Reached skill level 7 in Armour
  6706 | D:9      | Noticed Maggie
  6725 | D:9      | Killed Maggie
  6726 | D:9      | Reached skill level 8 in Armour
  6726 | D:9      | Reached skill level 1 in Ranged Weapons
  6740 | D:9      | Noticed a two-headed ogre
  6760 | D:9      | Killed a two-headed ogre
  6977 | D:9      | Reached XP level 11. HP: 49/67 MP: 14/14
  7034 | D:9      | Reached skill level 9 in Armour
  7061 | D:9      | Noticed a two-headed ogre
  7068 | D:9      | Killed a two-headed ogre
  7102 | D:9      | Reached skill level 10 in Armour
  7173 | D:9      | Noticed Blork the orc
  7183 | D:9      | Killed Blork the orc
  7196 | D:9      | Noticed Eustachio
  7204 | D:9      | Killed Eustachio
  7395 | D:9      | Found a staircase to the Lair.
  7435 | D:9      | Noticed a brown ugly thing
  7455 | D:9      | Killed a brown ugly thing
  7456 | D:9      | Reached skill level 5 in Dodging
  7716 | D:9      | Reached skill level 1 in Polearms
  7720 | Lair:1   | Entered Level 1 of the Lair of Beasts
  7836 | Lair:1   | You fall into a shaft and drop 1 floor!
  7915 | Lair:2   | Reached skill level 5 in Polearms
  7963 | Lair:2   | Reached *** piety under the Shining One
  8153 | Lair:1   | Noticed an oklob plant
  8706 | Lair:1   | Reached XP level 12. HP: 71/72 MP: 15/15
  8865 | Lair:2   | Found a large runed translucent door.
  8867 | Lair:2   | Found a large runed translucent door.
  8869 | Lair:2   | Noticed TheSexyCheese's ghost (journeyman GrFi)
  9815 | Lair:3   | Reached skill level 10 in Polearms
  9904 | Lair:3   | Found a staircase to the Shoals.
 10162 | Lair:3   | Noticed a death yak
 10181 | Lair:3   | Killed a death yak
 10202 | Lair:3   | Noticed a death yak
 10202 | Lair:3   | Noticed a death yak
 10203 | Lair:3   | Noticed a death yak
 10217 | Lair:2   | Killed a death yak
 10218 | Lair:2   | Reached skill level 5 in Invocations
 10232 | Lair:3   | Noticed a death yak
 10232 | Lair:3   | Noticed a death yak
 10242 | Lair:2   | Killed a death yak
 10361 | Lair:3   | Found a staircase to the Snake Pit.
 10574 | Lair:3   | Killed a death yak
 10575 | Lair:3   | Reached XP level 13. HP: 76/76 MP: 14/17
 11141 | Lair:4   | Found a staircase to the Slime Pits.
 11721 | Lair:4   | Found a viscous altar of Jiyva.
 11984 | Lair:5   | Entered Level 5 of the Lair of Beasts
 13095 | Lair:5   | Gained mutation: Your large and strong wings let you fly.
                  | [Gargoyle growth]
 13095 | Lair:5   | Reached XP level 14. HP: 62/82 MP: 18/21
 13335 | Lair:5   | Reached skill level 10 in Invocations
 13798 | Lair:5   | Identified the +1 robe of Panentheism {rPois Str-2 Int+3
                  | Slay+3}
 14247 | Lair:5   | Reached skill level 10 in Fighting
 14890 | D:10     | Entered Level 10 of the Dungeon
 14957 | D:10     | Found a radiant altar of Vehumet.
 14991 | D:10     | Found an opulent altar of Gozag.
 15030 | D:10     | Found a runed translucent door.
 15030 | D:10     | Noticed Beavis's ghost (journeyman NaFE)
 15123 | D:10     | Found an ornate altar of the Wu Jian Council.
 15123 | D:10     | Found a bloodstained altar of Trog.
 15123 | D:10     | Found a shimmering altar of Xom.
 15124 | D:10     | Found a snail-covered altar of Cheibriados.
 15126 | D:10     | Found a sacrificial altar of Ru.
 15127 | D:10     | Found a burning altar of Makhleb.
 15261 | D:10     | Identified the +2 trident of Anoafob {flame, Fragile rN+
                  | Will+ Int+3}
 15941 | D:11     | Noticed Urug
 15944 | D:11     | Urug changed into Urug the elephant
 15944 | D:11     | Noticed Urug
 15950 | D:11     | Killed Urug the elephant
 16185 | D:11     | Found a runed translucent gate.
 16186 | D:11     | Found a runed translucent gate.
 16187 | D:11     | Found a runed translucent gate.
 16939 | D:12     | Found a staircase to the Orcish Mines.
 17331 | D:13     | Found Solexzugh's Antique Weapon Boutique.
 17368 | D:13     | Noticed Kirke
 17379 | D:13     | Killed Kirke
 17380 | D:13     | Reached skill level 5 in Evocations
 17380 | D:13     | Reached XP level 15. HP: 100/100 MP: 23/23
 17565 | D:13     | Found a runed translucent door.
 17600 | D:13     | Found Goaqimec's General Store.
 17828 | D:13     | Noticed Snorg
 17862 | D:13     | Killed Snorg
 18116 | D:13     | Bought a potion of might for 60 gold pieces
 18295 | D:13     | Found a gate to the Vaults.
 18361 | D:13     | Found Yhi Girgh's Jewellery Emporium.
 18425 | D:13     | Found a shimmering blue altar of Sif Muna.
 18553 | D:13     | Found Kopnief's Antique Weapon Shoppe.
 18677 | D:13     | Noticed Ullur's ghost (journeyman DsGl)
 19351 | D:13     | Reached skill level 15 in Fighting
 19535 | D:14     | Found Nimag's Overcharged Wands.
 19861 | Orc:1    | Entered Level 1 of the Orcish Mines
 20701 | Orc:2    | Entered Level 2 of the Orcish Mines
 20701 | Orc:2    | Found a staircase to the Elven Halls.
 21034 | Orc:2    | Found Setes's Jewellery Shoppe.
 21057 | Orc:1    | Noticed an orc warlord
 21495 | Orc:2    | Noticed an orc warlord
 21518 | Orc:2    | Killed an orc warlord
 21746 | Orc:2    | Noticed Nessos
 21761 | Orc:2    | Killed Nessos
 22134 | Orc:2    | Found Kaig's Antique Weapon Emporium.
 22542 | Orc:2    | Found Utowog's Distillery.
 22567 | Orc:2    | Found Yboebl Olloh's Distillery.
 22828 | Orc:2    | Reached **** piety under the Shining One
 23162 | Orc:2    | Found Obyrauch's Antique Weapon Boutique.
 23162 | Orc:2    | Found Saimm's Book Shop.
 23163 | Orc:2    | Found a one-way gate leading to the halls of Pandemonium.
 23519 | D:8      | Identified the +0 broad axe "Beetleslayer" {heavy, rC+
                  | rN+++ Str-3 Int+4}
 23835 | Orc:2    | Bought a glowing broad axe for 140 gold pieces
 24101 | D:13     | Bought the amulet "Baakly" {Faith +Inv rPois Int-3 Slay+5}
                  | for 874 gold pieces
 24388 | Snake:1  | Entered Level 1 of the Snake Pit
 24403 | Snake:1  | Noticed Azrael
 24412 | Snake:1  | Killed Azrael
 24524 | Snake:1  | Reached XP level 16. HP: 102/112 MP: 24/24
 25729 | Snake:1  | Reached skill level 5 in Shields
 27271 | Snake:2  | Found Bikhlaal's Armour Shoppe.
 28403 | Snake:3  | Found Vemep's Armour Shop.
 28447 | Snake:3  | Found Xoheweq's Assorted Antiques.
 28447 | Snake:3  | Found Waheit's General Store.
 28599 | Snake:3  | Found Ofrunlevu's Assorted Antiques.
 28609 | Snake:3  | Bought a runed broad axe for 161 gold pieces
 29407 | Snake:3  | Bought an amethyst potion for 39 gold pieces
 29407 | Snake:3  | Bought a coppery potion for 39 gold pieces
 29410 | Snake:3  | Bought a scroll of identify for 26 gold pieces
 29414 | Snake:3  | Bought 3 scrolls of identify for 264 gold pieces
 29420 | Snake:3  | Bought a wand of charming (2) for 62 gold pieces
 29989 | Snake:3  | Reached ***** piety under the Shining One
 30098 | Snake:2  | Bought a +0 pair of gloves of hurling for 149 gold pieces
 30338 | Snake:3  | Reached XP level 17. HP: 115/117 MP: 25/25
 30728 | Snake:3  | Reached skill level 10 in Shields
 31209 | Shoals:1 | Entered Level 1 of the Shoals
 32526 | Shoals:2 | Found Vuicuf's Antique Weapon Shoppe.
 32967 | Shoals:1 | Upgraded the game from 0.30-a0-777-ga9a30cbeda to
                  | 0.30-a0-778-g2ef04afb54
 33191 | Shoals:2 | Noticed Polyphemus
 33215 | Shoals:2 | Killed Polyphemus
 34729 | Shoals:3 | Found Bufun's Visitors' Centre.
 34734 | Shoals:3 | Found Bufun's Merfolk Armours.
 34734 | Shoals:3 | Found Bufun's Merfolk Magic.
 34734 | Shoals:3 | Found Bufun's Merfolk Weapons.
 34904 | Shoals:3 | Reached XP level 18. HP: 68/123 MP: 27/27
 35111 | Shoals:3 | Reached skill level 5 in Throwing
 35137 | Shoals:3 | Found Ejuntituo's One-of-a-Kind Rings.
 35458 | Shoals:3 | Found a large runed translucent door.
 35458 | Shoals:3 | Found a large runed translucent door.
 35559 | Shoals:3 | Noticed Heluore's ghost (adept DsGl)
 35560 | Shoals:3 | Found the +8 whip "Snakebite" {venom, curare, rPois}
 36169 | Shoals:4 | Entered Level 4 of the Shoals
 36305 | Shoals:4 | Reached ****** piety under the Shining One
 36967 | Shoals:4 | Found Kuirasch's Jewellery Shoppe.
 37307 | Shoals:4 | Identified the +1 plate armour of a treasure trove {Str+4}
 37744 | Shoals:4 | Got a barnacled rune of Zot
 37761 | Shoals:4 | Reached skill level 11 in Armour
 38249 | Shoals:4 | Identified the +9 whip of Chance {speed, *Slow rN+ Str+5}
 38375 | Shoals:4 | Reached skill level 12 in Armour
 38907 | Snake:4  | Entered Level 4 of the Snake Pit
 39331 | Snake:4  | Reached skill level 13 in Armour
 39523 | Snake:4  | Noticed Mlioglotl
 39532 | Snake:4  | Killed Mlioglotl
 39571 | Snake:4  | Reached XP level 19. HP: 124/128 MP: 28/28
 39927 | Snake:4  | Got the Compilation of Shapeshifting
 39942 | Snake:4  | Noticed Aizul
 39954 | Snake:4  | Killed Aizul
 40143 | Snake:4  | Reached skill level 15 in Axes
 40419 | Snake:4  | Got a serpentine rune of Zot
 40864 | D:7      | Killed baller8008's ghost
 40910 | D:7      | Identified the +1 rapier "Myun" {venom, rPois Stlth+}
 40948 | D:7      | Killed RandomusNamus's ghost
 40970 | D:7      | Killed jimonade's ghost
 41066 | D:10     | Killed Beavis's ghost
 41194 | D:11     | Found a runed translucent gate.
 41194 | D:11     | Found a runed translucent gate.
 41198 | D:11     | Noticed Foxy's ghost (journeyman DjCj)
 41200 | D:11     | Found a runed translucent gate.
 41215 | D:11     | Killed Foxy's ghost
 41224 | D:11     | Identified the +2 pair of gloves of the Furrier {-Cast
                  | rC+++ rN+++ Dex-4}
 41376 | Lair:2   | Killed TheSexyCheese's ghost
 41775 | D:13     | Found Okiekhlu's Antique Armour Shoppe.
 41959 | D:13     | Killed Ullur's ghost
 41992 | D:13     | Identified the +1 falchion of Goinam {pain, rN+ Dex+4}
 42017 | D:15     | Entered Level 15 of the Dungeon
 42583 | D:15     | Noticed Agnes
 42590 | D:15     | Killed Agnes
 42857 | D:15     | Paralysed by an orc sorcerer for 4 turns
 42876 | D:15     | Found a staircase to the Depths.
 43450 | Elf:1    | Entered Level 1 of the Elven Halls
 44109 | Elf:1    | Reached skill level 15 in Shields
 44235 | Elf:1    | Reached XP level 20. HP: 134/134 MP: 29/29
 44967 | Elf:2    | Found an ancient bone altar of Kikubaaqudgha.
 45247 | Elf:2    | Identified a scroll of acquirement
 45433 | Elf:2    | Acquired 1143 gold pieces
 45714 | Shoals:3 | Bought the ring of the Tempest {rElec rF+ MP+9 Str+6 Int-2}
                  | for 1127 gold pieces
 45989 | Elf:2    | Identified Roxanne's Handbook of the Valley
 45989 | Elf:2    | Noticed Roxanne
 46122 | Elf:2    | Identified the +0 pair of boots of the Iron City of Dis
                  | {Stlth+}
 46269 | Elf:2    | Found a runed translucent gate.
 46269 | Elf:2    | Found a runed translucent gate.
 46269 | Elf:2    | Found a runed translucent gate.
 47088 | Elf:3    | Entered Level 3 of the Elven Halls
 47411 | Shoals:3 | Bought the ring of Pibit Qube {rPois rF++ Will+ Int+2
                  | Stlth+} for 1031 gold pieces
 47713 | Elf:3    | Found Pusush's Magic Scroll Shop.
 47763 | Elf:3    | Found a runed translucent gate.
 47763 | Elf:3    | Found a runed translucent gate.
 47806 | Elf:3    | Found a runed translucent gate.
 47809 | Elf:3    | Noticed Vatovie's ghost (journeyman MiBe)
 47915 | Elf:3    | Found Viollugh's Weapon Shop.
 47941 | Elf:3    | Noticed a Brimstone Fiend
 48017 | Elf:3    | Found Ustrococ's Distillery.
 48326 | Elf:3    | Killed Vatovie's ghost
 48480 | Elf:2    | Found a radiant altar of Vehumet.
 48780 | Elf:3    | Reached skill level 10 in Evocations
 48780 | Elf:3    | Reached XP level 21. HP: 139/139 MP: 30/30
 48892 | Elf:3    | Identified the +2 spear "Vat Xuv" {flame, rN+ Str-5 Int+3}
 48988 | Elf:3    | Identified the +5 rapier of the Kidney {freeze, rElec rC-
                  | Int+3 SInv}
 49368 | Elf:3    | Noticed Asterion
 49387 | Elf:3    | Killed Asterion
 49760 | Elf:3    | Identified the +1 robe of the Guardian {rElec rC- rCorr
                  | Str+5}
 49786 | Elf:3    | Got Cygo's Anthology of Roasted Production
 49865 | Elf:3    | Found Viollugh's Weapon Shop.
 49900 | Elf:3    | Found Pusush's Magic Scroll Shop.
 50024 | Elf:3    | Found Ustrococ's Distillery.
 50583 | Vaults:1 | Entered Level 1 of the Vaults
 51123 | Vaults:1 | Found Rumab's General Store.
 51397 | Vaults:1 | Found Sirunnuobe's Weapon Shoppe.
 51975 | Vaults:1 | Reached skill level 14 in Armour
 52515 | Vaults:2 | Noticed Saint Roka
 52787 | Vaults:1 | Killed Saint Roka
 53471 | Vaults:2 | Reached skill level 15 in Armour
 54041 | Vaults:2 | Noticed Sojobo
 54175 | Vaults:2 | Reached XP level 22. HP: 141/144 MP: 31/31
 54285 | Vaults:2 | Paralysed by an air elemental for 1 turns
 54299 | Vaults:2 | Killed Sojobo
 54650 | Vaults:2 | Reached skill level 16 in Armour
 54940 | Vaults:3 | Found a staircase to the Crypt.
 54940 | Vaults:3 | Found an ancient bone altar of Kikubaaqudgha.
 54940 | Vaults:3 | Found a basalt altar of Yredelemnul.
 56258 | Vaults:3 | Reached skill level 17 in Armour
 56934 | Vaults:4 | Reached skill level 18 in Armour
 57181 | Vaults:4 | Reached XP level 23. HP: 149/149 MP: 32/32
 58028 | Vaults:5 | Entered Level 5 of the Vaults
 58214 | Depths:1 | Entered Level 1 of the Depths
 58230 | Depths:1 | Found a one-way gateway to a ziggurat.
 59063 | Depths:1 | Found a gateway to Hell.
 59273 | Depths:1 | Found a stormy altar of Qazlal.
 59426 | Depths:1 | Noticed a caustic shrike
 59432 | Depths:1 | Killed a caustic shrike
 60041 | Depths:1 | Identified the amulet "Waenanaj" {rElec rC+++ Regen+}
 60046 | Depths:1 | Identified the +2 hand axe "Annyliuc" {flame, rPois Int+2
                  | Stlth-}
 60047 | Depths:1 | Identified the ring "Yrukoa" {rPois Will- rCorr Dex+3
                  | Slay+3}
 60077 | Depths:1 | Identified the +2 robe of Ysiste {rF+ rCorr Dex-2}
 60876 | Depths:2 | Identified the ring "Weckeu Homp" {Ice rN+++ Will+ rCorr
                  | Int-4}
 60876 | Depths:2 | Noticed Josephina
 60883 | Depths:2 | Noticed Grunn
 60897 | Depths:2 | Killed Josephina
 61098 | Depths:1 | Killed Grunn
 61206 | Depths:2 | Reached XP level 24. HP: 161/163 MP: 32/32
 61243 | Depths:2 | Noticed a juggernaut
 61261 | Depths:2 | Killed a juggernaut
 61409 | Depths:2 | Noticed a caustic shrike
 61416 | Depths:2 | Killed a caustic shrike
 61443 | Depths:2 | Identified the +2 halberd "Betoelia" {heavy, SInv Stlth+}
 61451 | Depths:2 | Reached skill level 19 in Armour
 61477 | Depths:2 | Noticed a caustic shrike
 61487 | Depths:2 | Killed a caustic shrike
 61867 | Depths:2 | Reached skill level 20 in Armour
 62069 | Depths:2 | Noticed Mara
 62121 | Depths:2 | Reached skill level 10 in Dodging
 62270 | Depths:2 | Found a one-way gate to the infinite horrors of the Abyss.
 62330 | Depths:2 | Identified the +0 flail of Optimality {heavy, Fragile rPois
                  | rC+ Int+4}
 62428 | Depths:2 | Noticed ParallaxScroll's illusion
 62441 | Depths:2 | Noticed ParallaxScroll's illusion
 62446 | Depths:2 | Killed Mara
 64328 | Depths:3 | Reached XP level 25. HP: 169/171 MP: 32/32
 65148 | Snake:3  | Bought a scroll of enchant armour for 330 gold pieces
 65563 | Depths:4 | Entered Level 4 of the Depths
 65570 | Depths:4 | Upgraded the game from 0.30-a0-778-g2ef04afb54 to
                  | 0.30-a0-779-g7971cf19c3
 65839 | Depths:4 | Noticed a juggernaut
 65885 | Depths:3 | Killed a juggernaut
 66064 | Depths:4 | Got the Monograph on Fever and Force
 66220 | Depths:4 | Reached skill level 21 in Armour
 66914 | Depths:4 | Found a gate to the Realm of Zot.
 67552 | Vaults:5 | Reached skill level 22 in Armour
 68059 | Vaults:5 | Reached skill level 23 in Armour
 68288 | Vaults:5 | Reached skill level 10 in Throwing
 68327 | Vaults:5 | Noticed a dread lich
 68345 | Vaults:5 | Reached XP level 26. HP: 97/177 MP: 32/32
 68347 | Vaults:5 | Killed a dread lich
 68382 | Vaults:5 | Noticed an ancient lich
 68538 | Vaults:5 | Killed an ancient lich
 68727 | Vaults:5 | Identified the +3 arbalest "Transmigrator" {heavy, SInv}
 68776 | Vaults:5 | Identified the +6 whip "Meuroeq" {chaos, *Corrode Will+
                  | Int+6 Stlth+}
 68910 | Vaults:5 | Identified the +1 short sword of Blushing Anguish {flame,
                  | Fly}
 69054 | Vaults:5 | Got a silver rune of Zot
 69849 | Slime:1  | Entered Level 1 of the Pits of Slime
 69942 | Slime:3  | Gained mutation: You are vulnerable to heat. (rF-) [a
                  | shining eye]
 70045 | Slime:4  | Gained mutation: You are weak. (Str -2) [a shining eye]
 70065 | Slime:5  | Entered Level 5 of the Pits of Slime
 70220 | Slime:5  | Noticed the Royal Jelly
 70243 | Slime:5  | Killed the Royal Jelly
 70459 | Slime:5  | Got a slimy rune of Zot
 70490 | Slime:5  | Identified the +2 hand axe "Lighas" {venom, Will+}
 70526 | Slime:5  | Identified the +0 robe of the Raven {*Corrode Regen+ Str+2}
 70811 | Slime:5  | Identified a +9 broad axe of holy wrath (a +9 broad axe of
                  | flaming blessed by the Shining One)
 70811 | Slime:5  | Received a gift from the Shining One
 71179 | Elf:3    | Bought a scroll of teleportation for 45 gold pieces
 71179 | Elf:3    | Bought a scroll of silence for 142 gold pieces
 71179 | Elf:3    | Bought a scroll of teleportation for 45 gold pieces
 71179 | Elf:3    | Bought a scroll of blinking for 112 gold pieces
 71493 | Snake:3  | Bought a scroll of teleportation for 69 gold pieces
 71493 | Snake:3  | Bought a scroll of teleportation for 69 gold pieces
 71777 | Orc:2    | Bought a potion of might for 44 gold pieces
 71777 | Orc:2    | Bought a potion of might for 44 gold pieces
 71777 | Orc:2    | Bought a potion of mutation for 88 gold pieces
 71777 | Orc:2    | Bought a potion of magic for 88 gold pieces
 72216 | Depths:2 | Voluntarily entered the Abyss.
 72341 | Abyss:1  | Found a corrupted altar of Lugonu.
 72485 | Abyss:1  | Reached skill level 1 in Translocations
 72630 | Abyss:1  | Reached skill level 15 in Throwing
 72731 | Abyss:2  | Found a corrupted altar of Lugonu.
 72879 | Abyss:3  | Got an abyssal rune of Zot
 72889 | Abyss:3  | Found a corrupted altar of Lugonu.
 72947 | Depths:2 | Escaped the Abyss
 73215 | Crypt:1  | Entered Level 1 of the Crypt
 73392 | Crypt:1  | Reached skill level 5 in Translocations
 73820 | Crypt:1  | Reached XP level 27. HP: 182/182 MP: 32/32
 74087 | Crypt:2  | Found a magical portal.
 74121 | WizLab   | Entered Borgnjor's Mausoleum
 74569 | WizLab   | Learned a level 2 spell: Blink
 74821 | Crypt:2  | Reached skill level 10 in Translocations
 74832 | Crypt:2  | Reached skill level 1 in Spellcasting
 75452 | Crypt:3  | Entered Level 3 of the Crypt
 75779 | Crypt:3  | Found a runed translucent gate.
 75779 | Crypt:3  | Found a runed translucent gate.
 75779 | Crypt:3  | Found a runed translucent gate.
 75900 | Crypt:3  | Found an ancient bone altar of Kikubaaqudgha.
 75900 | Crypt:3  | Noticed an ancient lich
 75900 | Crypt:3  | Noticed Ujofet's ghost (veteran MiGl)
 75900 | Crypt:3  | Noticed Rakupo Megg's ghost (veteran GrEE)
 75901 | Crypt:3  | Noticed an ancient lich
 76114 | Crypt:3  | Identified the +1 robe "Earthly Heaven" {Slay+3}
 76181 | Crypt:3  | Found the +7 great mace "Undeadhunter" {deathbane, rN+}
 76243 | Crypt:3  | Noticed a dread lich
 76254 | Crypt:3  | Killed a dread lich
 76264 | Crypt:3  | Noticed an ancient lich
 76266 | Crypt:3  | Identified the +7 short sword of Xawalut {drain, rCorr
                  | Dex+2}
 76271 | Crypt:3  | Killed an ancient lich
 76281 | Crypt:3  | Identified the amulet "Oklole" {Faith MP+9 Str+4 Dex-4}
 76283 | Crypt:3  | Identified the ring of Nucojor {AC+4 Str+2 Int+3 Slay-4}
 76284 | Crypt:3  | Identified the ring "Lokuej" {Wiz rPois rC++ MP+9 Stlth+}
 76364 | Crypt:3  | Found a staircase to the Tomb.
 76466 | Crypt:3  | Killed an ancient lich
 76472 | Crypt:3  | Killed an ancient lich
 76482 | Crypt:3  | Killed Rakupo Megg's ghost
 76496 | Crypt:3  | Killed Ujofet's ghost
 76568 | Crypt:3  | Got the Vellum of the Familiar
 76573 | Crypt:3  | Identified the +0 pair of boots "Judeciarch" {Regen+ Str+6
                  | SInv Stlth-}
 76587 | Crypt:3  | Identified the ring of the Butterfly {Str+3 Int+6 Dex+4}
 77059 | Orc:2    | Bought a potion of heal wounds for 75 gold pieces
 77059 | Orc:2    | Bought a potion of might for 60 gold pieces
 77184 | Elf:3    | Bought a potion of berserk rage for 85 gold pieces
 77184 | Elf:3    | Bought a potion of cancellation for 136 gold pieces
 77184 | Elf:3    | Bought a potion of cancellation for 136 gold pieces
 77184 | Elf:3    | Bought a potion of might for 68 gold pieces
 77184 | Elf:3    | Upgraded the game from 0.30-a0-779-g7971cf19c3 to
                  | 0.30-a0-782-ge64f9170bb
 77516 | Hell     | Entered the Vestibule of Hell
 77516 | Hell     | Noticed Geryon
 77586 | Depths:1 | Learned a level 1 spell: Apportation
 77590 | Depths:1 | Learned a level 3 spell: Teleport Other
 77595 | Depths:1 | Learned a level 4 spell: Passage of Golubria
 77618 | Hell     | HP: 4/184 [reaper/+3 scythe of flaming (20)]
 77654 | Hell     | Identified the +0 tower shield of Impatience {Will+ Int+8}
 77748 | Hell     | Killed Geryon
 77841 | Hell     | Found a gateway to the decaying netherworld of Tartarus.
 77891 | Hell     | Found a gateway to the freezing wastes of Cocytus.
 77981 | Hell     | Found a gateway to the ashen valley of Gehenna.
 78021 | Hell     | Found a gateway to the Iron City of Dis.
 78547 | Shoals:3 | Bought a +1 pair of gloves of hurling for 214 gold pieces
 78889 | D:13     | Bought the ring "Ketisch" {rF+ rC++ rCorr MP+9 Dex+4} for
                  | 945 gold pieces
 79522 | Elf:3    | Bought a potion of mutation for 136 gold pieces
 79879 | Geh:1    | Entered Level 1 of Gehenna
 80054 | Geh:3    | Noticed a dread lich
 80064 | Geh:3    | Killed a dread lich
 80101 | Geh:3    | You are sucked into a shaft and drop 3 floors!
 80117 | Geh:7    | Entered Level 7 of Gehenna
 80542 | Geh:7    | Reached skill level 15 in Evocations
 80786 | Geh:7    | Found the +7 sceptre of Asmodeus
 80786 | Geh:7    | Noticed Asmodeus
 80810 | Geh:7    | Killed from afar by Asmodeus

Illustrated notes

Levels and vault maps discovered:
D:1:      minmay_arrival_open_corners, layout_basic
D:2:      layout_basic, minmay_nonomino_d4
D:3:      layout_basic
D:4:      layout_basic, nemelex_dance_club_becter, nicolae_nh_ransacked_shop
D:5:      layout_basic, nicolae_dithmenos_the_darkroom,
          nicolae_kikubaaqudgha_miasma_corner
D:6:      layout_rooms, minmay_temple_entry_mini_moons, serial_shops, shop,
          st_stairs_6, amethyst_killhole, nicolae_titane
D:7:      layout_basic, mainiacjoe_overflow_alcove_2,
          nicolae_yredelemnul_ghost_church, ebering_ghost_inner_flame,
          minmay_hollow_rounded_squares
D:8:      layout_rooms, gammafunk_ghost_hydra_chop, serial_shops, shop,
          kennysheep_little_box, nicolae_shop_behind_doors, shop, uniq_maurice
D:9:      layout_irregular_city, grunt_lair_entry_orc_guard_hut, sword_in_stone,
          uniq_maggie
D:10:     layout_basic, lemuel_doored_altar, old_standard_altar, minitemple,
          ebering_ghost_funeral_grove
D:11:     layout_gridville, ploomutoo_gammafunk_ghost_potion_laboratory,
          uniq_urug
D:12:     layout_loops_ring, orc_0_dummy, chequers_garden,
          minmay_misc_feat_five, minmay_fire_ice_demons
D:13:     layout_basic, erik_vaults_1, ebering_ghost_reflecting_pool,
          serial_shops, shop, shop, shop, shop, nicolae_shop_statue_plus,
          led_sif_pool, uniq_snorg, uniq_kirke
D:14:     layout_cross, chequers_decorated_corner,
          chequers_serial_rivers_large_b, nicolae_shop_overcharged_wands
D:15:     grunt_enter_depths_magical_seal, layout_basic, serial_park_square1
          [serial_park_minivault_5x5_3], uniq_agnes
Temple:   hellmonk_temple_forest_ring
Lair:1:   layout_chaotic_city
Lair:2:   layout_gridlike, ebering_ghost_disaster_area, st_stairs_12,
          grunt_forest_large_clearings
Lair:3:   layout_loops_ring, nicolae_shoals_entry_roost,
          nicolae_snake_entry_warm_welcome, worms_lemuel, serial_bayou_shore_a
Lair:4:   layout_cave_pods, nicolae_slime_entry_field_trip, minmay_holes
Lair:5:   evilmike_catoblepas_cave, layout_regular_city,
          hangedman_lair_generics_rect
Shoals:1: layout_shoals
Shoals:2: layout_shoals, nicolae_stop_n_shop_1, uniq_polyphemus
Shoals:3: nicolae_shoals_mermall, layout_shoals, ebering_ghost_disaster_area,
          nicolae_shop_unique_rings
Shoals:4: shoals_end_simple, layout_shoals, serial_shops, shop,
          nicolae_shoals_undead_eyrie
Snake:1:  layout_rooms, nrook_guardian_serpent_ordinary, grunt_megastairs_2,
          uniq_azrael
Snake:2:  layout_chambers, serial_shops,
          nicolae_shop_temple_entry_statues_fountains
Snake:3:  layout_chambers, special_room, nicolae_snake_naga_rites,
          minmay_shoptagon
Snake:4:  hellmonk_snake_rune_quicksilver_temple, layout_onion_interference,
          grunt_megastairs_5, serial_bayou_shore_b, uniq_aizul, uniq_mlioglotl
Slime:1:  layout_caves
Slime:2:  layout_caves
Slime:3:  cheibrodos_slime_lost_civilization_1, layout_caves,
          nicolae_slime_welcoming_committee
Slime:4:  layout_caves
Slime:5
Orc:1:    layout_caves
Orc:2:    pf_orc_diabolical, layout_caves, serial_shops, nicolae_shop_stone,
          nicolae_shop_waterfront, minmay_orc_barracks, uniq_nessos
Elf:1:    layout_geoelf_diagonals, hangedman_elf_disciples, minivault_24,
          hangedman_elf_represent
Elf:2:    elven_hall_of_blades_hangedman_original
          [nicolae_blade_entry_floor_patterns], layout_onion_city, basic_altar,
          small_statue_intersection, lemuel_upstairs_altar, uniq_roxanne
Elf:3:    minmay_elf_hall_curves, layout_rooms, serial_shops,
          nicolae_shop_statue_plus, nicolae_shop_advertising_works
          [nicolae_subvault_shop_adworks], shop_statue, gammafunk_ghost_split,
          uniq_asterion
Vaults:1: vaults_mumra_chevron, nicolae_vaults_network_s, v_rooms_2,
          grunt_vaults_focal, vaults_dpeg_cross, v_misc_30,
          vaults_room_hangedman_quadrants, layout_vaults_quadrants,
          serial_shops, shop, shop_statue
Vaults:2: vaults_room_fancy_cross, hangedman_vaults_snaps,
          nicolae_vaults_network_periphery, vaults_room_stairs_pillars,
          ontoclasm_vaults_tryst, v_misc_18, ontoclasm_vaults_claustrophobia,
          v_alt_pattern_6, nicolae_vaults_little_squares_1,
          vaults_standard_mumra_enter_the_diamond, ontoclasm_vaults_chip,
          vaults_room_guarded_vault, layout_vaults_omnicross, uniq_sojobo,
          uniq_saint_roka
Vaults:3: v_alt_pattern_5, nicolae_vaults_rhombus_6, v_misc_33, v_alt_pattern_4,
          vaults_room_corners, nicolae_vaults_triangles, v_misc_10,
          nicolae_vaults_angled_halls, grunt_vaults_bifocal,
          ontoclasm_vaults_shuriken, minmay_crypt_entry_necro_gods, v_misc_11,
          grunt_vaults_hallway_long, layout_vaults_ring
Vaults:4: nicolae_vaults_what_the_h, v_misc_14, kb_rosetta, v_rooms_6,
          vaults_mumra_minichess, nicolae_vaults_little_squares_2,
          vaults_room_boxed, v_misc_24, v_alt_pattern_2, v_misc_1,
          vaults_mumra_chevron_long, vaults_room_pools,
          layout_vaults_maze_snakey, uniq_margery
Vaults:5
Crypt:1:  layout_basic, wad_floor_pattern_2, grunt_crypt_arrival_split,
          roderic_lattice_octagonal_star
Crypt:2:  hangedman_screamer, layout_misc_corridors,
          infiniplex_enter_wizlab_water, corner_web_ring
Crypt:3:  david_glass_crypt, layout_basic, gammafunk_ghost_crypt,
          beargit_elvish_explorers
Depths:1: minmay_nine_rooms, layout_cave_pools, enter_ziggurat_a,
          nicolae_qazlal_style_of_elements, grunt_metal_band,
          kennysheep_generic_room_11
Depths:2: box_level_dp, pan_entry, hell_entry, abyss_entry, uniq_josephina,
          uniq_mara, uniq_grunn
Depths:3: dreamdust_cat_pyramid, layout_gridlike, grunt_decor_one_mirror,
          hell_entry, abyss_entry, infiniplex_staircase_door_maze,
          kennysheep_random_hallway
Depths:4: grunt_zot_entry_tricorne, layout_cave_pools, hell_entry
Hell
Geh:1:    layout_gehenna_lava_caves
Geh:2:    layout_gehenna_pools_basic, nicolae_geh_lava_rosette
Geh:3:    layout_gehenna_pools_box
Geh:6:    layout_gehenna_pools_triple, nicolae_geh_isolated_escape
Geh:7:    evilmike_geh

Skill      XL: |  1  2  3  4  5  6  7  8  9 10 11 12 13 14 15 16 17 18 19 20 21 22 23 24 25 26 27 |
---------------+----------------------------------------------------------------------------------+-----
Axes           | 2 3 4 5 6 7 8 9 10 12 13 14 15 | 15.8
Armour         | 6 8 10 13 15 18 20 23 | 23.0
Fighting       | 4 6 7 14 17 20 21 22 | 22.0
Dodging        | 3 4 5 6 7 8 9 10 11 | 11.0
Invocations    | 4 6 9 11 13 14 | 14.0
Throwing       | 1 4 8 10 15 16 | 16.0
Evocations     | 1 4 5 7 9 10 12 13 14 15 | 15.0
Ranged Weapons | 2 |  2.0
Polearms       | 6 11 13 14 | 14.1
Shields        | 9 11 12 15 19 20 21 | 21.0
Translocations | 5 14 | 14.4
Spellcasting   | 4 |  4.0

Action                     |  1- 3 |  4- 6 |  7- 9 | 10-12 | 13-15 | 16-18 | 19-21 | 22-24 | 25-27 || total
---------------------------+-------+-------+-------+-------+-------+-------+-------+-------+-------++-------
  Melee: War axe           |   113 |   132 |   329 |   301 |       |       |       |       |       ||   875
         Punch             |       |       |       |     3 |     2 |       |       |       |       ||     5
         Halberd           |       |       |       |   344 |   129 |       |       |       |       ||   473
         Glaive            |       |       |       |       |  1002 |       |       |       |       ||  1002
         Trident           |       |       |       |       |    40 |       |       |       |       ||    40
         Broad axe         |       |       |       |       |    14 |  1199 |  1291 |  1489 |  2090 ||  6083
         Battleaxe         |       |       |       |       |     6 |       |       |       |       ||     6
   Fire: Sling             |       |       |    32 |     5 |       |       |       |       |       ||    37
         Shortbow          |       |       |       |    85 |   186 |       |       |       |       ||   271
         Longbow           |       |       |       |       |    44 |       |       |       |       ||    44
  Throw: Dart              |       |     4 |     5 |     3 |    28 |       |       |     3 |     1 ||    44
         Stone             |       |     3 |     1 |       |       |       |       |       |       ||     4
         Boomerang         |       |       |     3 |       |     1 |    46 |     9 |     3 |    38 ||   100
         Javelin           |       |       |       |       |       |     2 |       |       |    23 ||    25
   Cast: Apportation       |       |       |       |       |       |       |       |       |     2 ||     2
 Invoke: Divine Shield     |       |       |       |     6 |    29 |     4 |     1 |     1 |     2 ||    43
         Cleansing Flame   |       |       |       |       |     7 |       |       |       |     3 ||    10
         Brand Weapon With |       |       |       |       |       |       |       |       |     1 ||     1
         Summon Divine War |       |       |       |       |       |       |       |       |     2 ||     2
  Evoke: Tin of tremorston |       |       |       |     2 |     2 |     6 |     3 |     6 |     5 ||    24
         Wand              |       |       |       |     3 |     9 |    27 |     1 |     2 |     3 ||    45
         Phial of floods   |       |       |       |       |     1 |       |       |     1 |       ||     2
         Box of beasts     |       |       |       |       |       |     2 |       |     1 |     3 ||     6
         Phantom mirror    |       |       |       |       |       |     1 |       |     3 |     2 ||     6
    Use: Scroll            |     4 |     2 |     5 |     6 |     6 |     7 |     3 |     4 |    18 ||    55
         Potion            |       |     1 |     1 |     2 |     1 |     1 |       |     1 |     6 ||    13
 Armour: Scale mail        |    70 |    50 |     8 |       |   264 |   169 |       |       |       ||   561
         Plate armour      |       |       |   202 |   598 |   512 |   692 |   593 |   692 |       ||  3289
         Gold dragon scale |       |       |       |       |       |       |       |    24 |  1116 ||  1140
  Dodge: Dodged            |    39 |    44 |   108 |   252 |   365 |   378 |   213 |   292 |   390 ||  2081
  Block: Buckler           |    16 |    57 |   135 |    14 |     4 |    27 |       |       |       ||   253
         Reflection        |       |     2 |     7 |       |    26 |       |       |     3 |    24 ||    62
         Other             |       |       |       |    18 |   459 |       |       |       |       ||   477
         Kite shield       |       |       |       |       |       |   630 |   212 |       |       ||   842
         Tower shield      |       |       |       |       |       |       |   591 |  1180 |  1761 ||  3532

Table legend: (Time is in decaauts)
 A = Elapsed time spent in this place.
 B = Non-inter-level travel time spent in this place.
 C = Inter-level travel time spent in this place.
 D = Time resting spent in this place.
 E = Time spent auto-exploring this place.
 F = Levels seen in this place.
 G = Mean time per level.
                   A        B        C        D        E       F      G
               +--------+--------+--------+--------+--------+-----+--------+
         Total |  80438 |  62706 |  17732 |  16483 |  29217 |  61 | 1318.7 |
       Dungeon |  20497 |  13672 |   6825 |   1894 |   8632 |  15 | 1366.5 |
        Temple |    117 |    110 |      7 |      0 |     96 |   1 |  117.0 |
          Lair |   9192 |   6997 |   2195 |   1727 |   3399 |   5 | 1838.4 |
        Shoals |   7844 |   6425 |   1419 |   3164 |   1375 |   4 | 1961.0 |
     Snake Pit |   8406 |   6794 |   1612 |   2568 |   2879 |   4 | 2101.5 |
    Slime Pits |   1010 |    872 |    138 |    181 |    304 |   5 |  202.0 |
  Orcish Mines |   3491 |   2756 |    735 |    867 |    995 |   2 | 1745.5 |
   Elven Halls |   6599 |   5344 |   1255 |   1604 |   2496 |   3 | 2199.7 |
        Vaults |   9716 |   8552 |   1164 |   2338 |   4127 |   5 | 1943.2 |
         Crypt |   2961 |   2623 |    338 |    230 |   1607 |   3 |  987.0 |
        Depths |   7936 |   6043 |   1893 |   1727 |   2646 |   4 | 1984.0 |
          Hell |    625 |    488 |    137 |     30 |    201 |   1 |  625.0 |
       Gehenna |    875 |    867 |      8 |     86 |    283 |   5 |  175.0 |
         Abyss |    699 |    699 |      0 |     27 |      0 |   3 |  233.0 |
        Wizlab |    463 |    463 |      0 |     35 |    177 |   1 |  463.0 |
               +--------+--------+--------+--------+--------+-----+--------+

Top non-repeatable levels by time:
    D:13: 3962 daAuts
Shoals:3: 3210 daAuts
   Elf:3: 2972 daAuts
Depths:1: 2770 daAuts
   Orc:2: 2712 daAuts
  Lair:5: 2610 daAuts
    D:12: 2556 daAuts
Depths:2: 2424 daAuts
 Snake:3: 2376 daAuts
Vaults:1: 2320 daAuts
 Snake:2: 2289 daAuts
 Snake:1: 2173 daAuts
  Lair:3: 2135 daAuts
Vaults:2: 2017 daAuts
Vaults:3: 1952 daAuts
